 Dungeon Crawl Stone Soup version 0.22.1-6-g1668fe2 (webtiles) character file.

25 Fang the Skirmisher (level 3, -7/24 HPs)
             Began as a Gargoyle Berserker on Jan 17, 2019.
             Was a Follower of Trog.
             Killed from afar by a white imp (14 damage)
             ... with a puff of frost
             ... summoned by Natasha
             ... on level 2 of the Dungeon.
             The game lasted 00:01:07 (1220 turns).

Fang the Skirmisher (Gargoyle Berserker)            Turns: 1220, Time: 00:01:07

Health: -7/24      AC:  5    Str: 21    XL:     3   Next: 6%
Magic:  3/3        EV: 12    Int:  7    God:    Trog [*.....]
Gold:   72         SH:  0    Dex:  9    Spells: 2/2 levels left

rFire    . . .     SeeInvis .   a - +0 hand axe
rCold    . . .     Gourm    .   (no shield)
rNeg     + . .     Faith    .   b - +0 animal skin
rPois    ∞         Spirit   .   (no helmet)
rElec    +         Reflect  .   (no cloak)
rCorr    .         Harm     .   (no gloves)
MR       .....                  (no boots)
Stlth    +.........             (no amulet)
HPRegen  0.08/turn              (no ring)
MPRegen  0.08/turn              (no ring)

@: no status effects
A: negative energy resistance 1, electricity resistance, unbreathing,
petrification resistance, rot immunity, AC +3
a: Berserk, Renounce Religion


You were on level 2 of the Dungeon.
You worshipped Trog.
Trog was aware of your devotion.
You were not hungry.

You visited 1 branch of the dungeon, and saw 2 of its levels.

You collected 72 gold pieces.

Inventory:

Hand Weapons
 a - a +0 hand axe (weapon)
Armour
 b - a +0 animal skin (worn)
Scrolls
 f - a scroll of identify {unknown}
 g - a scroll of remove curse {unknown}
 i - a scroll of random uselessness {unknown}
 j - a scroll of amnesia {unknown}
Potions
 d - a potion of invisibility
 e - a potion of brilliance {unknown}
 h - a potion of lignification {unknown}
Comestibles
 c - 2 rations


   Skills:
 + Level 3.9 Fighting
 + Level 3.0 Axes
 + Level 2.2 Armour
 + Level 1.9 Dodging


You had 2 spell levels left.
You didn't know any spells.
Your spell library was empty.

Dungeon Overview and Level Annotations

Branches:
Dungeon (2/15)

Altars:

Annotations:
D:2 Natasha


Innate Abilities, Weirdness & Mutations

You are resistant to torment.
Your stone body is resilient. (AC +3)
You are immune to poison.
You resist negative energy. (rN+)
You are resistant to electric shocks. (rElec)
You can survive without breathing.
You are immune to petrification.
You are immune to rotting.


Message History

You eat the chunk of flesh.
This raw flesh tastes terrible.
No target in view!
A rat comes into view.
The white imp gestures at you. The puff of frost misses you.
You see here 9 gold pieces.
You now have 72 gold pieces (gained 9).
The white imp gestures at you. The puff of frost hits you!
You hit the white imp but do no damage. You barely miss the white imp.
The white imp shouts, "Begone, thou canting toenail-biting surfacer!"
The white imp closely misses you. The white imp misses you.
The white imp gestures at you. The puff of frost hits you!
* * * LOW HITPOINT WARNING * * *
The white imp barely misses you. The white imp gestures at you.
The puff of frost hits you!
Ouch! That really hurt!
You die...

#.........# r.
##.........#...
##............#
##...........#
##............#
#......{......#
#....55.####.#
##....5## #.#
##..@## #.# ##.##
#.# #.# #.# ######
#.# #.# #..... #.#
#.# #.#### #.#
#.####.####
#.#######..........
#..............####
################


You could see 3 white imps.

Vanquished Creatures
  A leopard gecko (D:1)
  A bat (D:2)
  A giant cockroach (D:2)
  2 goblins
  3 hobgoblins
  6 jackals
  4 kobolds
  2 rats (D:2)
20 creatures vanquished.

Notes
Turn   | Place    | Note
-------+----------+-------------------------------------------
     0 | D:1      | Fang the Gargoyle Berserker began the quest for the Orb.
     0 | D:1      | Reached XP level 1. HP: 14/14 MP: 1/1
   438 | D:1      | Reached XP level 2. HP: 15/19 MP: 2/2
  1015 | D:2      | Reached XP level 3. HP: 11/24 MP: 3/3
  1208 | D:2      | Noticed Natasha
  1220 | D:2      | Killed from afar by a white imp

Skill      XL: |  1  2 |
---------------+-------+-----
Axes           | 3 |  3.0
Fighting       | |  3.9
Armour         | |  2.2
Dodging        | |  1.9

Action                   || total
-------------------------++-------
Melee: Hand axe          ||    88
 Stab: Sleeping          ||     1
  Eat: Chunk             ||     1
Armor: Animal skin       ||    25
Dodge: Dodged            ||    66
